 Dungeon Crawl Stone Soup version 0.32-a0-616-g9348d45 (webtiles) character file.

Game seed: 14914345586885150418

100 Dorkslayer the Chopper (level 4, -13/52 HPs)
             Began as a Human Fighter on Mar 5, 2024.
             Killed by divine providence
             ... invoked by an orc priest
              (15 damage)
             ... on level 3 of the Dungeon.
             The game lasted 00:06:57 (1958 turns).

Dorkslayer the Chopper (Human Fighter)              Turns: 1958, Time: 00:06:58

Health: -13/52     AC:  6    Str: 19    XL:     4   Next: 73%
Magic:  4/4        EV:  9    Int:  8    God:
Gold:   92         SH:  4    Dex: 12    Spells: 3/3 levels left

rFire   + . .        a - +0 war axe
rCold   . . .        c - +0 buckler
rNeg    . . .        b - +0 scale mail
rPois   .            (no helmet)
rElec   .            (no cloak)
rCorr   .            (no gloves)
SInv    .            (no boots)
Will    .....        (no amulet) Stlth
                     e - ring of protection from fire
HPRegen 0.28/turn    (no ring)
MPRegen 0.09/turn

%: no passive effects
@: mighty, berserking, very quick
A: explore regen
a: Convert to Beogh


You were on level 3 of the Dungeon.
You visited 1 branch of the dungeon, and saw 3 of its levels.

You collected 92 gold pieces.

Inventory:

Hand Weapons
 a - a +0 war axe (weapon)
Armour
 b - a +0 scale mail (worn)
 c - a +0 buckler (worn)
Jewellery
 e - a ring of protection from fire (left hand)
Wands
 l - a wand of flame (14)
Scrolls
 g - a scroll of butterflies {unknown}
 i - a scroll of teleportation {unknown}
 j - a scroll of noise {unknown}
Potions
 d - a potion of might
 h - a potion of mutation {unknown}
 k - a potion of brilliance {unknown}


   Skills:
 + Level 3.3 Fighting
 * Level 3.4 Axes
 + Level 3.3 Armour
 * Level 1.7 Dodging
 + Level 0.2 Stealth
 + Level 3.2 Shields


You had 3 spell levels left.
You didn't know any spells.
Your spell library contained the following spells:

 Spells                   Type           Power      Damage    Failure   Level
 Apportation              Tloc           0%         N/A       85%         1
 Necrotise                Necr           0%         1d4       85%         1
 Sting                    Conj/Alch      0%         1d3       85%         1
 Summon Small Mammal      Summ           0%         N/A       85%         1
 Brom's Barrelling Bould  Conj/Erth      0%         2d3       100%        4
 Fireball                 Conj/Fire      0%         3d3       100%        5
 Iskenderun's Battlesphe  Conj           0%         2d6       100%        5
 Conjure Ball Lightning   Conj/Air       0%         3x3d6     100%        6
 Orb of Destruction       Conj           0%         9d5       100%        7


Dungeon Overview and Level Annotations

Branches:
Dungeon (3/15)

Altars:


Innate Abilities, Weirdness & Mutations

You regain HP and MP as you explore.


Message History

You see here a bat corpse.
An orc comes into view. It is wielding a +0 whip.
The orc shouts!
An orc comes into view. It is wielding a +0 hand axe.
The orc shouts!
An orc comes into view. It is wielding a +0 dagger.
You block the orc's attack.
You closely miss the orc. The orc hits you with a +0 whip.
The orc barely misses you.
You slash the orc!
You kill the orc!
An orc priest comes into view. It is wielding a +0 club.
You completely miss the orc.
The orc priest shouts!
The orc barely misses you.
You slash the orc!
You kill the orc!
You hit the orc.
The orc priest looks braver for a moment.
The orc hits you with a +0 dagger.
The orc priest mumbles some strange prayers to Beogh against you.
Pain shoots through your body! The orc hits you with a +0 dagger.
The orc priest shouts, "Beogh offers mercy even to people such as you.
Join us and be reborn!" (press Y on the ability menu to convert to Beogh) Unknown command.
You feel very mighty all of a sudden.
The orc priest invokes the aid of Beogh against you.
Pain shoots through your body! The orc hits you but does no damage.
You slash the orc!
You kill the orc!
The orc priest mumbles some strange prayers to Beogh against you.
Beogh smites you!
* * * LOW HITPOINT WARNING * * *
A ribbon worm comes into view.
It was a potion of berserk rage.
A red film seems to cover your vision as you go berserk!
You feel yourself moving faster!
You feel mighty!
The orc priest invokes the aid of Beogh against you.
Beogh smites you!
You die...

##.#.######.#.# .#
#.....#......# .#
#.#..##.##.#.####
#.###
###..##.##.##...#
.....
#..##.##....#.##..#
#..##.##..........#
#...†.........##.####
#####.#.).....#<....#
#....@)....†).....#
####......o.#..##.#
#...####w#.......
#...# .....#.#. #...#
.....+ #...# .....#
##+## ......# ....#


You could see a ribbon worm and an orc priest.

Vanquished Creatures
  5 adders
  3 ribbon worms (D:2)
  A dart slug (D:1)
  3 orcs (D:3)
  4 bats
  3 endoplasms
  2 giant cockroaches
  4 goblins
  3 hobgoblins
  2 jackals (D:2)
  3 quokkas
  4 ball pythons
  5 frilled lizards
  A kobold (D:1)
  3 rats
46 creatures vanquished.

Notes
Turn   | Place    | Note
-------+----------+-------------------------------------------
     0 | D:1      | Dorkslayer the Human Fighter began the quest for the Orb.
     0 | D:1      | Reached XP level 1. HP: 18/18 MP: 1/1
   217 | D:1      | Reached XP level 2. HP: 22/24 MP: 2/2
   917 | D:1      | Found a faded altar of an unknown god.
  1189 | D:2      | Reached XP level 3. HP: 28/29 MP: 3/3
  1387 | D:2      | Reached skill level 1 in Dodging
  1533 | D:2      | Reached XP level 4. HP: 29/35 MP: 4/4
  1957 | D:3      | HP: 1/35 [orc priest/divine providence (15)]
  1958 | D:3      | Killed from afar by an orc priest

Illustrated notes

Levels and vault maps discovered:
D:1:      dpeg_arrival_simpleton_a, layout_loops_ring, serial_co_window_serial,
          co_window_corner_a, co_window_of_opportunity_a,
          co_window_of_opportunity_a, co_window_of_opportunity_a,
          co_window_paths_a, co_window_cross_1, co_window_paths_a,
          co_window_broadway_b, co_window_2corner, co_window_corner_b,
          co_window_corner_b, co_window_paths_c, glass_columns_c,
          shapermc_ecumenical_altar_mp_vishouse
D:2:      layout_loops_ring, dreamdust_princess_corridor, minmay_tetromino_i4
D:3:      layout_basic, uniq_natasha

Skill      XL: |  1  2  3 |
---------------+----------+-----
Axes           | 3 |  3.4
Dodging        | 1 |  1.7
Fighting       | |  3.3
Armour         | |  3.3
Stealth        | |  0.2
Shields        | |  3.2

Action                     |  1- 3 |  4- 6 || total
---------------------------+-------+-------++-------
  Melee: War axe           |    94 |    44 ||   138
    Use: Potion            |       |     2 ||     2
 Armour: Scale mail        |    57 |    34 ||    91
  Dodge: Dodged            |    35 |    22 ||    57
  Block: Buckler           |    16 |    10 ||    26

Table legend: (Time is in decaauts)
 A = Elapsed time spent in this place.
 B = Non-inter-level travel time spent in this place.
 C = Inter-level travel time spent in this place.
 D = Time resting spent in this place.
 E = Time spent auto-exploring this place.
 F = Levels seen in this place.
 G = Mean time per level.
                   A        B        C        D        E       F      G
               +--------+--------+--------+--------+--------+-----+--------+
         Total |   2011 |   2011 |      0 |      0 |   1277 |   3 |  670.3 |
       Dungeon |   2011 |   2011 |      0 |      0 |   1277 |   3 |  670.3 |
               +--------+--------+--------+--------+--------+-----+--------+

Top non-repeatable levels by time:
     D:1: 1076 daAuts
     D:2: 845 daAuts
     D:3: 89 daAuts
